[Event "Sunday 01 April Rapid Engine Tour 12+1 Rounds 9 Starts 1600ST"]
[Site "Infinity Chess"]
[Date "2018.4.1"]
[Round "3"]
[White "Marsell"]
[Black "AHGST"]
[Result "1/2-1/2"]
[ECO "B33"]
[WhiteElo "2467"]
[BlackElo "2360"]
[WhiteEngine "asmFishW_2018-03-16_bmi2"]
[BlackEngine "komodo-11.3.1-64bit-BMI2"]
[EventType "Swiss"]
[WhiteTeam ""]
[BlackTeam ""]
[PlyCount "112"]
[TimeControl "720+1"]

1. e4 c5 2. Nf3 Nc6 3. d4 cxd4 4. Nxd4 Nf6 5. Nc3 d6 6. Bg5 e6 7. Qd2 a6 
8. O-O-O Bd7 9. f4 h6 10. Bh4 b5 11. Bxf6 gxf6 12. Kb1 Qb6 13. Nce2 h5 
14. Qd3 Ne7 15. g3 Rd8 16. Bg2 h4 17. g4 b4 18. Rhf1 a5 19. Qf3 e5 20. Nf5 Nxf5 
21. exf5 Rc8 22. Rd2 a4 23. Qh3 Be7 24. Bd5 Bc6 25. Bxc6+ Qxc6 26. Rg1 Rg8 
27. Qxh4 b3 28. cxb3 Qe4+ 29. Ka1 axb3 30. Qf2 d5 31. Nc3 Qb4 32. Qf3 e4 
33. Qg3 Qc4 34. Rxd5 Bb4 35. g5 Ra8 36. Rdd1 Bxc3 37. Qxc3 Qxc3 38. bxc3 Ke7 
39. a3 fxg5 40. fxg5 Rxa3+ 41. Kb2 Ra2+ 42. Kxb3 Rxh2 43. Rd4 Rb8+ 44. Kc4 Rc8+ 
45. Kd5 Rxc3 46. f6+ Kf8 47. Kxe4 Rh4+ 48. Kd5 Rch3 49. Rb1 Kg8 50. Rxh4 Rxh4 
51. Ke5 Kh7 52. Kf5 Rh2 53. g6+ fxg6+ 54. Ke4 Rh5 55. Rc1 Rf5 56. f7 Rxf7 
1/2-1/2

[Event "Sunday 01 April Rapid Engine Tour 12+1 Rounds 9 Starts 1600ST"]
[Site "Infinity Chess"]
[Date "2018.4.1"]
[Round "3"]
[White "hafaba"]
[Black "angriff"]
[Result "0-1"]
[ECO "C50"]
[WhiteElo "2412"]
[BlackElo "2360"]
[WhiteEngine "DracoREX 3.07 64BIT POPCNT"]
[BlackEngine "DracoREX 3.07 64BIT POPCNT_CTG"]
[EventType "Swiss"]
[WhiteTeam ""]
[BlackTeam ""]
[PlyCount "326"]
[TimeControl "720+1"]

1. e4 e5 2. Nf3 Nc6 3. Bc4 Bc5 4. O-O Nf6 5. d3 d6 6. c3 a5 7. Re1 O-O 8. h3 h6 
9. Nbd2 Be6 10. Bb5 Qb8 11. Nf1 Qa7 12. Be3 Bxe3 13. Nxe3 Ne7 14. Bc4 Bxc4 
15. Nxc4 b5 16. Ne3 Qb7 17. Nh4 a4 18. Qf3 Kh7 19. Rad1 Rae8 20. Nhf5 Nxf5 
21. Qxf5+ Kg8 22. Qf3 Re6 23. Qg3 Kh7 24. Nf5 Nh5 25. Qe3 Rfe8 26. g3 Nf6 
27. Kh2 d5 28. g4 Rd8 29. f3 c6 30. Kg2 Qc7 31. a3 c5 32. Rd2 Rd7 33. Kg1 Ng8 
34. exd5 Rxd5 35. h4 Rd8 36. Ng3 Ne7 37. Ne4 Rc6 38. Ng3 Rcd6 39. h5 Rd5 
40. Rc1 Nc6 41. Rcd1 Kg8 42. Qe4 Ne7 43. Nf1 R5d7 44. Re1 f6 45. Ne3 Nd5 
46. Nxd5 Rxd5 47. Red1 Qd7 48. Kf2 Qe7 49. Qg6 Qa7 50. Qe4 Qd7 51. Qf5 Qc6 
52. Qg6 Rf8 53. Rg1 Qd7 54. Qf5 Qe7 55. Qe4 Rfd8 56. Rh1 Qe6 57. Rg1 Kh8 
58. Ke2 Kg8 59. Rh1 Qb6 60. Rg1 Kf8 61. Rdd1 R5d7 62. Qe3 Qc7 63. Qe4 Qb6 
64. Qe3 Rd5 65. Qe4 Qc7 66. Rgf1 R5d6 67. Rd2 R6d7 68. Kf2 Kg8 69. Rfd1 Rd6 
70. Re1 Qd7 71. Ke2 Rd5 72. Qf5 Qd6 73. Qe4 Kf8 74. Rg1 Kg8 75. Rf1 Kf8 
76. Rfd1 Qd7 77. Rg1 Kg8 78. Ke3 Qe7 79. Kf2 Qd6 80. Ke3 Qd7 81. Ke2 Kh8 
82. Qf5 Qc7 83. Qe4 R5d6 84. Re1 Qd7 85. Qf5 Qc7 86. Qe4 Qd7 87. Qf5 Qb7 
88. Qe4 Rd5 89. Red1 Qd7 90. Qf5 Qa7 91. Qe4 Qd7 92. Qf5 Qf7 93. Qg6 Qc7 
94. Qe4 R5d7 95. Rc1 f5 96. gxf5 Rf7 97. Rg1 Qd7 98. Rg6 Rxf5 99. Rd6 Qxd6 
100. Qxf5 Rf8 101. Qg6 Qe7 102. Qe4 Rf4 103. Qd5 Qf8 104. c4 bxc4 105. dxc4 e4 
106. Qd8 exf3+ 107. Kf2 Kg8 108. Qxf8+ Kxf8 109. Rd7 Rxc4 110. Kxf3 Rh4 
111. Ra7 Rxh5 112. Rxa4 Rh3+ 113. Kg4 Rb3 114. Rf4+ Ke7 115. Rf2 Ke6 
116. Kf4 Rh3 117. Re2+ Kd5 118. Kg4 Rb3 119. Kh5 c4 120. Rg2 Kc6 121. Rc2 Rb5+ 
122. Kg4 Kd5 123. Kf4 Rb3 124. Rh2 Rd3 125. Kf5 Kd4 126. Re2 g5 127. Re4+ Kc5 
128. Re8 Rb3 129. Ke4 Rxb2 130. Rc8+ Kd6 131. Rxc4 h5 132. Ra4 Rc2 133. Ra5 Rc4+ 
134. Kf5 g4 135. Ra6+ Rc6 136. Ra8 g3 137. Rd8+ Ke7 138. Rd2 Rc4 139. a4 Rg4 
140. Rg2 Kd6 141. Kf6 Kc6 142. Ke6 Kb6 143. a5+ Kxa5 144. Ra2+ Kb4 145. Rg2 Kc3 
146. Kf5 Kd4 147. Rd2+ Ke3 148. Rg2 Kf3 149. Ra2 g2 150. Ra3+ Ke2 151. Ra2+ Kd3 
152. Ra3+ Kc4 153. Ra4+ Kb5 154. Ra1 g1=Q 155. Rxg1 Rxg1 156. Ke4 h4 157. Kd3 h3 
158. Ke4 h2 159. Kd3 h1=Q 160. Kd4 Re1 161. Kc3 Qf3+ 162. Kb2 Re2+ 163. Ka1 Qf1# 
0-1

[Event "Sunday 01 April Rapid Engine Tour 12+1 Rounds 9 Starts 1600ST"]
[Site "Infinity Chess"]
[Date "2018.4.1"]
[Round "3"]
[White "KQRBNP"]
[Black "star99"]
[Result "1-0"]
[ECO "A46"]
[WhiteElo "2387"]
[BlackElo "2424"]
[WhiteEngine "Eman 1.70-beta12 64-bit POPCNT"]
[BlackEngine "Cryptic Heroes 9.2B"]
[EventType "Swiss"]
[WhiteTeam ""]
[BlackTeam ""]
[PlyCount "197"]
[TimeControl "720+1"]

1. d4 Nf6 2. Nf3 d5 3. c4 c6 4. e3 Bf5 5. Nc3 e6 6. Nh4 Bg6 7. Bd2 Bh5 
8. Qb3 Qb6 9. h3 Be7 10. g4 Bg6 11. Nxg6 hxg6 12. g5 Qxb3 13. axb3 Ne4 
14. Nxe4 dxe4 15. Bg2 Bxg5 16. Bxe4 Kd7 17. b4 Na6 18. b5 Nc7 19. bxc6+ bxc6 
20. Ba5 a6 21. b4 Rhb8 22. Ke2 Be7 23. Rhb1 Ra7 24. Bxc7 Kxc7 25. c5 Kd7 
26. Ra4 Bd8 27. Bd3 Rba8 28. Rba1 a5 29. e4 g5 30. R1a2 Kc8 31. b5 cxb5 
32. Bxb5 Rb8 33. Rb2 Bf6 34. Kd3 Kc7 35. Kc4 Rh8 36. Rba2 Rh4 37. f3 Rxh3 
38. Rxa5 Rxa5 39. Rxa5 Kb8 40. Bc6 Rh1 41. Ra8+ Kc7 42. Ra7+ Kb8 43. Rd7 Rc1+ 
44. Kb5 Rb1+ 45. Ka6 Kc8 46. e5 Ra1+ 47. Kb5 Rb1+ 48. Ka4 Bxe5 49. dxe5 Rc1 
50. Rxf7 Rxc5 51. Bd7+ Kd8 52. Bxe6 Rxe5 53. Bg4 Rc5 54. Rxg7 Ke8 55. Rb7 Kf8 
56. Rb5 Rc4+ 57. Kb3 Rc1 58. Rxg5 Ke7 59. f4 Kd6 60. Kb4 Rc2 61. Kb5 Rc3 
62. Ka5 Rb3 63. Ka4 Rb1 64. Ka5 Rf1 65. Rf5 Rg1 66. Rg5 Rb1 67. Ka6 Rb8 
68. Rg6+ Kd5 69. f5 Ke5 70. Rb6 Rh8 71. Kb7 Rh7+ 72. Kc8 Kf4 73. Rg6 Ke5 
74. Kd8 Rb7 75. Ke8 Rb8+ 76. Kf7 Rb7+ 77. Kg8 Rb8+ 78. Kg7 Rb7+ 79. Kh6 Rf7 
80. Kg5 Rb7 81. f6 Ke4 82. Be6 Rb5+ 83. Kh6 Ke5 84. f7 Rb8 85. Kg7 Rb7 
86. Kg8 Rb8+ 87. f8=Q+ Rxf8+ 88. Kxf8 Kd4 89. Kf7 Kd3 90. Rg4 Ke2 91. Kf6 Kf2 
92. Ke5 Ke3 93. Bc4 Kf3 94. Rg5 Ke3 95. Rf5 Kd2 96. Kd4 Kc2 97. Rf2+ Kb1 
98. Kc3 Ka1 99. Rf1# 1-0

[Event "Sunday 01 April Rapid Engine Tour 12+1 Rounds 9 Starts 1600ST"]
[Site "Infinity Chess"]
[Date "2018.4.1"]
[Round "3"]
[White "ocirema"]
[Black "KhalidOmar"]
[Result "1/2-1/2"]
[ECO "E10"]
[WhiteElo "2433"]
[BlackElo "2445"]
[WhiteEngine "asmFishW_2018-03-23_popcnt"]
[BlackEngine "Eman 1.70-beta12 64-bit BMI2"]
[EventType "Swiss"]
[WhiteTeam ""]
[BlackTeam ""]
[PlyCount "27"]
[TimeControl "720+1"]

1. d4 Nf6 2. c4 e6 3. Nf3 d5 4. g3 Bb4+ 5. Bd2 Be7 6. Bg2 Nbd7 7. O-O O-O 
8. Qc2 c6 9. Rc1 a5 10. Bf4 Nh5 11. Be3 Nhf6 12. Bf4 Nh5 13. Be3 Nhf6 14. Bf4 
1/2-1/2

[Event "Sunday 01 April Rapid Engine Tour 12+1 Rounds 9 Starts 1600ST"]
[Site "Infinity Chess"]
[Date "2018.4.1"]
[Round "3"]
[White "KULLANI"]
[Black "Prometheus"]
[Result "1/2-1/2"]
[ECO "C77"]
[WhiteElo "2447"]
[BlackElo "2437"]
[WhiteEngine "BrainFish_180329_x64"]
[BlackEngine "Eman 1.70-beta11 64-bit BMI2"]
[EventType "Swiss"]
[WhiteTeam ""]
[BlackTeam ""]
[PlyCount "114"]
[TimeControl "720+1"]

1. e4 e5 2. Nf3 Nc6 3. Bb5 a6 4. Ba4 Nf6 5. O-O Be7 6. Re1 b5 7. Bb3 O-O 
8. h3 Bb7 9. d3 d5 10. exd5 Nxd5 11. a4 Nd4 12. Nbd2 Nxb3 13. Nxb3 f6 
14. Na5 Qc8 15. Bd2 Nb6 16. b3 bxa4 17. bxa4 Re8 18. Nxb7 Qxb7 19. c3 Qd5 
20. Qc2 Rad8 21. a5 Nd7 22. d4 exd4 23. cxd4 Bd6 24. Rec1 Rb8 25. Be3 f5 
26. Qc6 Rb5 27. Bd2 h6 28. Kf1 Qxc6 29. Rxc6 Nb8 30. Rc2 Re4 31. h4 f4 
32. Rcc1 Kf7 33. Rcb1 Rxb1+ 34. Rxb1 Nc6 35. Bc3 Ne7 36. Rb7 Nd5 37. Be1 Be7 
38. Ra7 Re6 39. Ne5+ Kf6 40. Nd7+ Kf5 41. Nb8 Bb4 42. Bxb4 Nxb4 43. f3 g5 
44. hxg5 hxg5 45. Rxc7 Nd3 46. Kg1 g4 47. fxg4+ Kxg4 48. Nc6 f3 49. Rg7+ Kh4 
50. g3+ Kh3 51. Ne5 f2+ 52. Kf1 Nxe5 53. dxe5 Rxe5 54. Kxf2 Rxa5 55. g4 Ra2+ 
56. Kf3 Ra3+ 57. Ke2 a5 1/2-1/2

[Event "Sunday 01 April Rapid Engine Tour 12+1 Rounds 9 Starts 1600ST"]
[Site "Infinity Chess"]
[Date "2018.4.1"]
[Round "3"]
[White "Mr Aj"]
[Black "MGR"]
[Result "1/2-1/2"]
[ECO "D05"]
[WhiteElo "2457"]
[BlackElo "2464"]
[WhiteEngine "Houdini 6"]
[BlackEngine "asmFishW_2018-02-19_bmi2"]
[EventType "Swiss"]
[WhiteTeam ""]
[BlackTeam ""]
[PlyCount "93"]
[TimeControl "720+1"]

1. d4 d5 2. Nf3 Nf6 3. e3 e6 4. c4 Be7 5. b3 c5 6. Nbd2 cxd4 7. exd4 b6 
8. Bd3 Bb7 9. Qe2 O-O 10. Bb2 Nbd7 11. O-O Rc8 12. Rac1 Nh5 13. g3 Nhf6 
14. a3 h6 15. Rfe1 Rc7 16. Rcd1 a5 17. Nh4 Re8 18. Rc1 Bd6 19. Nhf3 Be7 
20. Nf1 Qa8 21. N3d2 Bf8 22. Qd1 a4 23. b4 dxc4 24. Rxc4 Rxc4 25. Nxc4 Rc8 
26. Nce3 Bf3 27. Qb1 Ne4 28. h4 Ndf6 29. d5 Nc3 30. Bxc3 Rxc3 31. dxe6 fxe6 
32. Bc4 Bd5 33. Bxd5 Nxd5 34. Nxd5 Qxd5 35. Re3 Rxe3 36. Nxe3 Qb3 37. Qc1 b5 
38. Ng4 Bd6 39. Kh2 Kh7 40. Ne3 Be7 41. Qc7 Bf6 42. Qc6 Qxa3 43. Qe4+ Kh8 
44. Qa8+ Kh7 45. Qe4+ Kh8 46. Qa8+ Kh7 47. Qe4+ 1/2-1/2

[Event "Sunday 01 April Rapid Engine Tour 12+1 Rounds 9 Starts 1600ST"]
[Site "Infinity Chess"]
[Date "2018.4.1"]
[Round "3"]
[White "Thinker"]
[Black "RonWeasley"]
[Result "1/2-1/2 "]
[ECO "C11"]
[WhiteElo "2456"]
[BlackElo "2460"]
[WhiteEngine "BrainFish_180329_x64_modern_CTG"]
[BlackEngine "BrainFish 290318_CTG"]
[EventType "Swiss"]
[WhiteTeam ""]
[BlackTeam ""]
[PlyCount "103"]
[TimeControl "720+1"]

1. e4 e6 2. d4 d5 3. Nc3 Nf6 4. e5 Nfd7 5. f4 c5 6. Nf3 Nc6 7. Be3 cxd4 
8. Nxd4 Qb6 9. Qd2 Qxb2 10. Rb1 Qa3 11. Bb5 Nxd4 12. Bxd4 a6 13. Bxd7+ Bxd7 
14. Rb3 Qe7 15. Rxb7 Rc8 16. O-O Qd8 17. Qf2 Rxc3 18. Bxc3 Qc8 19. Rb3 Ba4 
20. Bd4 Bxb3 21. axb3 Be7 22. c3 O-O 23. b4 Qc6 24. Ra1 Bd8 25. h4 Bc7 26. h5 h6 
27. g4 a5 28. g5 axb4 29. gxh6 gxh6 30. Kh1 Kh8 31. Rg1 Rg8 32. Rxg8+ Kxg8 
33. Qg1+ Kf8 34. Bc5+ Ke8 35. Qg8+ Kd7 36. Qxf7+ Kc8 37. cxb4 d4+ 38. Kh2 d3 
39. Be3 Kb7 40. Qg8 Qc4 41. b5 Qxb5 42. Qxe6 d2 43. Bxd2 Qe2+ 44. Kg3 Qxd2 
45. Qxh6 Qe3+ 46. Kg4 Bxe5 47. Qh7+ Bc7 48. Qf7 Kc8 49. Qg8+ Bd8 50. Qf7 Bb6 
51. Kf5 Bd4 52. Kg5 1/2-1/2

[Event "Sunday 01 April Rapid Engine Tour 12+1 Rounds 9 Starts 1600ST"]
[Site "Infinity Chess"]
[Date "2018.4.1"]
[Round "3"]
[White "fati64"]
[Black "Longin"]
[Result "1/2-1/2"]
[ECO "C65"]
[WhiteElo "2462"]
[BlackElo "2469"]
[WhiteEngine "BrainFish_180329_x64"]
[BlackEngine "Raubfisch ME262_GTZ16f_CTG"]
[EventType "Swiss"]
[WhiteTeam ""]
[BlackTeam ""]
[PlyCount "112"]
[TimeControl "720+1"]

1. e4 e5 2. Nf3 Nc6 3. Bb5 Nf6 4. d3 d6 5. c3 Be7 6. O-O O-O 7. Ba4 Rb8 
8. Re1 b5 9. Bc2 d5 10. exd5 Qxd5 11. Nbd2 h6 12. a3 a5 13. Qe2 Re8 14. a4 b4 
15. Bb3 Qd8 16. Bc4 Bc5 17. Bb5 Re6 18. h3 Bb7 19. Ne4 Bb6 20. Be3 Nd5 
21. Bc4 bxc3 22. bxc3 Nce7 23. Rab1 Ng6 24. Qa2 Kh7 25. Bd2 Re7 26. Rb5 c6 
27. Rb3 f5 28. Ng3 Bc8 29. Qb1 Qd6 30. h4 e4 31. dxe4 Qxg3 32. Rxb6 Rxb6 
33. fxg3 Rxb1 34. Rxb1 fxe4 35. Nd4 Ne5 36. Be2 c5 37. Nc2 Rb7 38. Rxb7 Bxb7 
39. Bb5 c4 40. Kf1 Bc6 41. Bf4 Bxb5 42. axb5 Nd7 43. Na3 Nxc3 44. Kf2 Kg6 
45. Be3 Nd1+ 46. Ke2 Nxe3 47. Kxe3 c3 48. Kxe4 Kh5 49. Kd3 Kg4 50. Kxc3 g5 
51. hxg5 hxg5 52. Kb3 Kxg3 53. Ka4 Kxg2 54. Kxa5 g4 55. Nc2 g3 56. Nd4 Nc5 
1/2-1/2

[Event "Sunday 01 April Rapid Engine Tour 12+1 Rounds 9 Starts 1600ST"]
[Site "Infinity Chess"]
[Date "2018.4.1"]
[Round "3"]
[White "MarioDeMonti"]
[Black "Murx"]
[Result "1/2-1/2"]
[ECO "C50"]
[WhiteElo "2475"]
[BlackElo "2469"]
[WhiteEngine "stockfish_x64_bmi2_2018_02_18_CTG"]
[BlackEngine "BrainFish_180329_x64_modern"]
[EventType "Swiss"]
[WhiteTeam ""]
[BlackTeam ""]
[PlyCount "160"]
[TimeControl "720+1"]

1. e4 e5 2. Nf3 Nc6 3. Bc4 Bc5 4. O-O Nf6 5. d3 d6 6. c3 a5 7. Re1 O-O 
8. Nbd2 h6 9. h3 Be6 10. Bb5 Qb8 11. Nf1 Qa7 12. Re2 a4 13. Ng3 Qa5 
14. Bxc6 bxc6 15. Nh4 Rfe8 16. Re1 d5 17. exd5 cxd5 18. Rxe5 Bf8 19. Qc2 c5 
20. Bd2 Nd7 21. Re2 c4 22. d4 a3 23. bxa3 Qxa3 24. Nf3 Reb8 25. Be3 Qa4 
26. Qd2 Ra6 27. Bf4 Rb7 28. Ne5 Nf6 29. f3 Rab6 30. Ng4 Nh7 31. Qe1 Bc8 
32. Ne3 Be6 33. Nh5 Qd7 34. h4 f6 35. Bh2 Bf7 36. Nf4 g5 37. hxg5 hxg5 
38. Nh3 Bg6 39. Nf2 Rb1 40. Rxb1 Rxb1 41. Ned1 Ba3 42. Re6 Kf7 43. Ra6 Be7 
44. a4 Nf8 45. Qd2 Qb7 46. Ra5 Bf5 47. Rb5 Rxb5 48. axb5 Qxb5 49. f4 gxf4 
50. Qxf4 Be6 51. Qf3 Ng6 52. Ne3 Qb1+ 53. Nfd1 Kg7 54. Bc7 Nh8 55. Qg3+ Kf8 
56. Bd6 Ng6 57. Qf3 f5 58. Bxe7+ Kxe7 59. g3 Kd6 60. Kf2 Qa2+ 61. Kg1 Qd2 
62. Qh5 Qe1+ 63. Kh2 f4 64. gxf4 Qd2+ 65. Kg1 Qe1+ 66. Kh2 Nh4 67. f5 Qd2+ 
68. Kh3 Nxf5 69. Nxf5+ Bxf5+ 70. Qxf5 Qxd1 71. Qg6+ Ke7 72. Qh7+ Kd6 
73. Qg6+ Kc7 74. Kh4 Qh1+ 75. Kg5 Qg2+ 76. Kh6 Qe4 77. Qf6 Qe3+ 78. Kh7 Qxc3 
79. Qe5+ Kb6 80. Qxd5 Qb4 1/2-1/2

[Event "Sunday 01 April Rapid Engine Tour 12+1 Rounds 9 Starts 1600ST"]
[Site "Infinity Chess"]
[Date "2018.4.1"]
[Round "3"]
[White "Brtroy"]
[Black "CoffeeOne"]
[Result "1/2-1/2"]
[ECO "C53"]
[WhiteElo "2501"]
[BlackElo "2492"]
[WhiteEngine "BrainFish_180329_x64_bmi2_CTG"]
[BlackEngine "Houdini 6"]
[EventType "Swiss"]
[WhiteTeam ""]
[BlackTeam ""]
[PlyCount "123"]
[TimeControl "720+1"]

1. e4 e5 2. Nf3 Nc6 3. Bc4 Bc5 4. c3 Nf6 5. d3 d6 6. O-O O-O 7. Re1 a5 8. Bb3 h6 
9. h3 Bb6 10. Nbd2 Be6 11. Ba4 Nd7 12. Nf1 f5 13. exf5 Bxf5 14. d4 exd4 
15. cxd4 Kh8 16. Ng3 Bh7 17. Be3 Nb4 18. a3 Nd5 19. Bd2 Re8 20. Qb3 c6 
21. Rxe8+ Qxe8 22. Qc4 Bc7 23. Re1 Qg6 24. Bb3 Re8 25. Bc2 Rxe1+ 26. Nxe1 Qf7 
27. Qb3 Bb6 28. Bxh7 Kxh7 29. Qd3+ Kg8 30. Nf3 Qe6 31. b4 axb4 32. axb4 Bd8 
33. b5 c5 34. Qa3 Nc7 35. Qa7 Qd5 36. Ne2 cxd4 37. Nfxd4 Nxb5 38. Nxb5 Qxb5 
39. Qa8 Qxe2 40. Qxd8+ Kh7 41. Qxd7 Qxd2 42. Qf5+ Kg8 43. Qe6+ Kh7 44. Qf5+ Kg8 
45. Qc8+ Kh7 46. Qxb7 Qe1+ 47. Kh2 Qxf2 48. Qe4+ Kg8 49. Qe6+ Qf7 50. Qxd6 Kh7 
51. Qd3+ Qg6 52. Qd5 Qc2 53. Kg3 Qc7+ 54. Kf2 g6 55. g3 Qg7 56. Kf3 h5 
57. g4 Qc3+ 58. Kg2 hxg4 59. hxg4 Kh6 60. g5+ Kh5 61. Qd1+ Kxg5 62. Qe2 1/2-1/2

[Event "Sunday 01 April Rapid Engine Tour 12+1 Rounds 9 Starts 1600ST"]
[Site "Infinity Chess"]
[Date "2018.4.1"]
[Round "3"]
[White "SkyPilot"]
[Black "MCDermont"]
[Result "1/2-1/2 "]
[ECO "C02"]
[WhiteElo "2497"]
[BlackElo "2514"]
[WhiteEngine "stockfish_x64_bmi2_2018_03_26_CTG"]
[BlackEngine "BrainFish 290318_CTG"]
[EventType "Swiss"]
[WhiteTeam ""]
[BlackTeam ""]
[PlyCount "237"]
[TimeControl "720+1"]

1. e4 e6 2. d4 d5 3. e5 c5 4. c3 Nc6 5. Nf3 Qb6 6. a3 f6 7. Bd3 fxe5 
8. dxe5 Nge7 9. c4 dxc4 10. Bxc4 Nf5 11. O-O Be7 12. Nc3 O-O 13. Re1 Qd8 
14. Qe2 Rb8 15. Nb5 a6 16. Rd1 Qe8 17. Nd6 Bxd6 18. exd6 b5 19. Bd3 e5 
20. Qe4 c4 21. Bc2 Ncd4 22. Nxd4 exd4 23. Rxd4 Qxe4 24. Rxe4 Nxd6 25. Rd4 Nf5 
26. Rd1 Bb7 27. f3 Bc6 28. Bxf5 Rxf5 29. Bd2 Kf7 30. Bb4 Rd5 31. Rxd5 Bxd5 
32. Rd1 Rd8 33. Kf2 Rd7 34. Ke3 h5 35. Kf4 Be6 36. Rxd7+ Bxd7 37. Ke5 h4 
38. Kd5 Bf5 39. Kc5 Ke6 40. Be1 h3 41. g4 Bd3 42. f4 Be2 43. Kb6 Kf7 44. g5 g6 
45. Bc3 Bg4 46. Kxa6 Bd7 47. Kb6 Ke6 48. Bd4 Kd6 49. Bc3 Kd5 50. Kb7 Ke4 
51. Kc7 Be8 52. Bd2 Kf5 53. Be3 Bf7 54. Kb6 Be8 55. Kc7 Bf7 56. Kc6 Be8+ 
57. Kc5 Bd7 58. Bd2 Be8 59. Be3 Kg4 60. Bc1 Kf5 61. Kd6 Bf7 62. Bd2 Be8 
63. Bc1 Bf7 64. Be3 Ke4 65. Ke7 Bd5 66. Bd2 Kf5 67. Kd6 Bf7 68. Kc5 Be8 
69. Kd5 Bd7 70. Kd6 Be8 71. Kd5 Bf7+ 72. Kc6 Be8+ 73. Kd6 Bf7 74. Be3 Be8 
75. Ke7 Bc6 76. Kd6 Be8 77. Kd5 Bd7 78. Bd2 Be8 79. Kd4 Bc6 80. Ke3 Be8 
81. Kf3 Bd7 82. Ke3 Bc6 83. Bc1 Bd7 84. Kf3 Be6 85. Ke3 Bd5 86. Bd2 Bc6 
87. Kd4 Bd7 88. Kd5 Be8 89. Bb4 Kxf4 90. Bd2+ Kf3 91. Kd4 Kg2 92. Bf4 Bd7 
93. Kc5 Kf3 94. Be5 Kg4 95. Kd6 Bf5 96. Kc6 Bd3 97. Kb6 Be2 98. Kc5 Bf1 
99. Bc3 Kf3 100. Kb4 Be2 101. Kc5 Kg2 102. Be5 Kf3 103. Bc7 Kg2 104. Bf4 Bd3 
105. Bg3 Kf3 106. Bd6 Kf2 107. Kd4 Be2 108. Kc5 Kg2 109. Bc7 Bf1 110. Kd5 Kf3 
111. Be5 Kf2 112. Kc6 Bd3 113. Kxb5 c3+ 114. Kc5 c2 115. Bf4 Bf5 116. Kc6 Kf3 
117. Bc1 Kg4 118. Kd6 Bc8 119. b4 1/2-1/2

[Event "Sunday 01 April Rapid Engine Tour 12+1 Rounds 9 Starts 1600ST"]
[Site "Infinity Chess"]
[Date "2018.4.1"]
[Round "3"]
[White "Eman"]
[Black "xeonrocks"]
[Result "1/2-1/2"]
[ECO "C53"]
[WhiteElo "2517"]
[BlackElo "2551"]
[WhiteEngine "Eman 1.70-beta12 64-bit POPCNT"]
[BlackEngine "Stockfish_x64_bmi2_CTG"]
[EventType "Swiss"]
[WhiteTeam ""]
[BlackTeam ""]
[PlyCount "79"]
[TimeControl "720+1"]

1. e4 e5 2. Nf3 Nc6 3. Bc4 Bc5 4. c3 Nf6 5. d3 d6 6. Bb3 a5 7. O-O O-O 8. Re1 h6 
9. h3 Ba7 10. Nbd2 b5 11. a4 b4 12. Bc4 Be6 13. Bb5 Ne7 14. d4 c6 15. Bd3 Ng6 
16. Nf1 exd4 17. cxd4 d5 18. e5 Ne4 19. Ng3 Nxg3 20. fxg3 c5 21. Bxg6 fxg6 
22. dxc5 Bxc5+ 23. Be3 Bxe3+ 24. Rxe3 Bf5 25. Nd4 Rc8 26. Nxf5 Rxf5 27. Qd3 Qb6 
28. Qxd5+ Kh7 29. Rae1 Rc2 30. Qe4 Rff2 31. Kh2 Rxb2 32. e6 Qd4 33. e7 Qxe4 
34. Rxe4 Rxg2+ 35. Kh1 b3 36. e8=Q Rh2+ 37. Kg1 Rhg2+ 38. Kh1 Rh2+ 39. Kg1 Rhg2+ 
40. Kh1 1/2-1/2

[Event "Sunday 01 April Rapid Engine Tour 12+1 Rounds 9 Starts 1600ST"]
[Site "Infinity Chess"]
[Date "2018.4.1"]
[Round "3"]
[White "IronMan"]
[Black "Susanne"]
[Result "1/2-1/2"]
[ECO "B32"]
[WhiteElo "2450"]
[BlackElo "2534"]
[WhiteEngine "Eman 1.70-beta11 64-bit BMI2"]
[BlackEngine "stockfish_jvv01_x64_bmi2_CTG"]
[EventType "Swiss"]
[WhiteTeam ""]
[BlackTeam ""]
[PlyCount "79"]
[TimeControl "720+1"]

1. e4 c5 2. Nf3 Nc6 3. d4 cxd4 4. Nxd4 e5 5. Nb5 d6 6. N1c3 a6 7. Na3 b5 
8. Nd5 Nf6 9. Bg5 Be7 10. Bxf6 Bxf6 11. c3 Rb8 12. Nc2 Bg5 13. a4 bxa4 
14. Ncb4 Nxb4 15. Nxb4 Bd7 16. Bxa6 Qa5 17. Qxd6 Rb6 18. Qd3 Be6 19. Bc4 Rxb4 
20. Bxe6 Rd4 21. Qf3 O-O 22. Bd5 Bd2+ 23. Ke2 Qa6+ 24. c4 Bb4 25. Rhd1 Rxd1 
26. Rxd1 Bc5 27. Rd2 g6 28. g4 Kg7 29. Kf1 Qa5 30. Qd1 Rb8 31. g5 a3 
32. bxa3 Rb1 33. Qxb1 Qxd2 34. Qe1 Qxg5 35. Qc3 Qf4 36. Qg3 Qxg3 37. fxg3 Bxa3 
38. Ke2 f5 39. h3 Kf6 40. exf5 1/2-1/2

[Event "Sunday 01 April Rapid Engine Tour 12+1 Rounds 9 Starts 1600ST"]
[Site "Infinity Chess"]
[Date "2018.4.1"]
[Round "2"]
[White "angriff"]
[Black "Marsell"]
[Result "1/2-1/2"]
[ECO "C55"]
[WhiteElo "2355"]
[BlackElo "2472"]
[WhiteEngine "DracoREX 3.07 64BIT POPCNT_CTG"]
[BlackEngine "asmFishW_2018-03-16_bmi2"]
[EventType "Swiss"]
[WhiteTeam ""]
[BlackTeam ""]
[PlyCount "117"]
[TimeControl "720+1"]

1. e4 e5 2. Nf3 Nc6 3. Bc4 Nf6 4. d3 Bc5 5. O-O d6 6. c3 O-O 7. Bg5 h6 8. Bh4 a6 
9. a4 g5 10. Bg3 Ba7 11. Nbd2 Nh7 12. h3 h5 13. Kh1 Kh8 14. b4 h4 15. Bh2 g4 
16. hxg4 Bxg4 17. b5 Na5 18. d4 exd4 19. cxd4 Bxd4 20. bxa6 bxa6 21. Rc1 Nxc4 
22. Rxc4 Bg7 23. e5 Qd7 24. Qc2 Rac8 25. Nxh4 Be2 26. Rd4 Bxf1 27. Nxf1 Rce8 
28. Nf5 Bxe5 29. Rh4 Bxh2 30. Ne7 f5 31. Ng6+ Kg7 32. Nxf8 Kxf8 33. Rxh2 Re1 
34. Kg1 Nf6 35. Qc3 Qe7 36. Rh6 Kg7 37. Rxf6 Rxf1+ 38. Kxf1 Qxf6 39. Qxc7+ Kg6 
40. Qc4 d5 41. Qxd5 Qa1+ 42. Ke2 Qxa4 43. Qg8+ Kf6 44. Qd8+ Ke5 45. Qe7+ Kd5 
46. Ke1 Qe4+ 47. Qxe4+ fxe4 48. Ke2 a5 49. Kd1 a4 50. Kc2 a3 51. Kb3 a2 
52. Kxa2 Kd4 53. Kb2 Kd3 54. g4 Ke2 55. g5 Kxf2 56. g6 e3 57. g7 e2 
58. g8=Q e1=Q 59. Qf7+ 1/2-1/2

[Event "Sunday 01 April Rapid Engine Tour 12+1 Rounds 9 Starts 1600ST"]
[Site "Infinity Chess"]
[Date "2018.4.1"]
[Round "2"]
[White "KQRBNP"]
[Black "AHGST"]
[Result "1/2-1/2"]
[ECO "B33"]
[WhiteElo "2388"]
[BlackElo "2359"]
[WhiteEngine "Eman 1.70-beta12 64-bit POPCNT"]
[BlackEngine "komodo-11.3.1-64bit-BMI2"]
[EventType "Swiss"]
[WhiteTeam ""]
[BlackTeam ""]
[PlyCount "82"]
[TimeControl "720+1"]

1. e4 c5 2. Nf3 Nc6 3. d4 cxd4 4. Nxd4 Nf6 5. Nc3 d6 6. Bg5 e6 7. Qd2 a6 
8. O-O-O Bd7 9. f4 h6 10. Bh4 b5 11. Bxf6 gxf6 12. Kb1 Qb6 13. Nf3 Be7 
14. f5 Ne5 15. Bd3 Rg8 16. Nxe5 dxe5 17. Qxh6 O-O-O 18. fxe6 fxe6 19. Qh3 Kb8 
20. g4 a5 21. Qf3 a4 22. h4 a3 23. b3 Bc6 24. Ne2 f5 25. gxf5 Rdf8 26. f6 Rxf6 
27. Qh3 Rh6 28. Rdg1 Rgh8 29. Qf1 Be8 30. Rg7 Rxh4 31. Rxh4 Bxh4 32. Qg2 Qf2 
33. Qxf2 Bxf2 34. c3 Bc6 35. Kc2 Rh1 36. b4 Ra1 37. Kb3 Rd1 38. Bc2 Re1 
39. Bd3 Rd1 40. Kc2 Ra1 41. Kb3 Rd1 1/2-1/2

[Event "Sunday 01 April Rapid Engine Tour 12+1 Rounds 9 Starts 1600ST"]
[Site "Infinity Chess"]
[Date "2018.4.1"]
[Round "2"]
[White "star99"]
[Black "hafaba"]
[Result "1/2-1/2"]
[ECO "D11"]
[WhiteElo "2425"]
[BlackElo "2411"]
[WhiteEngine "Cryptic Heroes 9.2B"]
[BlackEngine "DracoREX 3.07 64BIT POPCNT"]
[EventType "Swiss"]
[WhiteTeam ""]
[BlackTeam ""]
[PlyCount "142"]
[TimeControl "720+1"]

1. d4 d5 2. c4 c6 3. Nf3 e6 4. e3 Nf6 5. b3 Bd6 6. Bb2 O-O 7. Bd3 b6 8. O-O Bb7 
9. Nbd2 c5 10. dxc5 bxc5 11. Qc2 Nc6 12. a3 h6 13. Rfe1 Re8 14. Rad1 Rb8 
15. h3 Bf8 16. Qc1 Qe7 17. Bb1 Ba8 18. Bd3 a5 19. Qc2 Red8 20. cxd5 exd5 
21. Bf5 Bb7 22. Bd3 Bc8 23. e4 d4 24. Nc4 Qc7 25. Bc1 Be6 26. e5 Nd7 27. Bf4 Nb6 
28. Nfd2 a4 29. bxa4 Nxc4 30. Nxc4 Na5 31. Nxa5 Qxa5 32. Bc4 Bxc4 33. Qxc4 Ra8 
34. e6 fxe6 35. Qxe6+ Kh8 36. Rb1 Ra6 37. Qf5 Rf6 38. Qg4 Rf7 39. Be5 Qxa4 
40. Qh4 Qd7 41. Qxh6+ Kg8 42. Qd2 d3 43. Qa2 Qa4 44. Bc3 c4 45. Re4 Rc8 
46. Rg4 Qxa3 47. Qd2 Qc5 48. Rf4 Qd5 49. Rxf7 Qxf7 50. Qg5 Bd6 51. Qg4 Rf8 
52. Rb2 Bf4 53. g3 Bd6 54. Bd4 Be7 55. h4 Kh7 56. Qe4+ Kh8 57. h5 Bf6 58. h6 Re8 
59. Qf3 Kg8 60. Rb7 Qe6 61. Bxf6 gxf6 62. Rg7+ Kh8 63. Kh2 d2 64. Qh5 Qe1 
65. Rh7+ Kxh7 66. Qf7+ Kxh6 67. Qxf6+ Kh7 68. Qf7+ Kh8 69. Qf6+ Kh7 70. Qf7+ Kh8 
71. Qf6+ Kh7 1/2-1/2